[Event "*** Titled Tuesday Blitz"]
[Site "Chess.com"]
[Date "2019.03.05"]
[Round "10"]
[White "Perecke"]
[Black "M1711"]
[Result "0-1"]
[WhiteElo "2044"]
[BlackElo "2492"]
[TimeControl "180+2"]
[EndTime "15:32:27 PST"]
[Termination "M1711 won by resignation"]

1. e4 c6 2. Nf3 d5 3. Nc3 dxe4 4.
Nxe4 Nf6 5. Nxf6+ exf6 6. Bc4 Bd6 7. d4 O-O 8. c3 Re8+ 9. Be3 Nd7 10. O-O Nf8 11.
Qb3 Ne6 12. Rad1 Qc7 13. d5 cxd5 14. Bxd5 Nf4 15. Bxf7+ Kh8 16. Bxe8 Bg4 17. Bb5 Bxf3 18. gxf3 Nh5 19. Qe6 Bxh2+ 20. Kh1 Be5 21. Rd7 Qa5 22. Bd3 Qa4 23. c4 Rg8 24. f4 Bxf4 25. Qf5 g6 26. Qe6 Bxe3 27. Qf7 Qc6+ 28. Kg1 Ng7 29. fxe3 f5 30. Re7 Qd6 31. Qd5 Qxe7 32. c5 Qxe3+ 33. Kh1 Qh3+ 34. Kg1 Qg3+ 35. Kh1 Qc7 36. Bc4 Rd8 37. Qg2 Qxc5 38. Be2 Qc2 39. Re1 Qd2 40. Qf2 Qh6+ 41. Kg1 Qg5+ 42. Kf1 Nh5 43. Bxh5 Qxh5 44. Qe3 Qh1+ 45. Kf2 Qh2+ 46. Kf1 Qxb2 47. Qe7 Qd4 48. Qe6 Qd3+ 49. Kg1 Qd4+ 50. Kf1 a5 51. Qe7 Qd3+ 52. Kg1 Qd4+ 53. Kf1 a4 54. Qxb7 Qd3+ 55. Kg1 Qg3+ 56. Kf1 Qf4+ 57. Kg1 Qd4+ 58. Kf1 Qc3 59. Qe7 Qd3+ 60.
Kg1 Qd6 61. Qe2 Qf6 62. Qb5 Kg7 63. Qb7+ Kh6 64. Qh1+ Kg7 65. Qb7+ Kh8 66. Qc7 Qd4+ 67. Kf1 Qd3+ 68. Kg1 Qd4+ 69. Kf1 Rd7 70. Qb8+ Kg7 71. Qa8 Qf4+ 72. Kg1 Rd2 73. Qb7+ Kh6 74. Qh1+ Kg5 75. Qd5 Qf2+ 0-1

[Event "*** Titled Tuesday Blitz"]
[Site "Chess.com"]
[Date "2019.03.05"]
[Round "10"]
[White "Al_Shima"]
[Black "ShadyH9"]
[Result "0-1"]
[WhiteElo "2420"]
[BlackElo "2319"]
[TimeControl "180+2"]
[EndTime "15:32:45 PST"]
[Termination "ShadyH9 won by resignation"]

1. e4 c5 2. Nf3 Nc6 3. d4 cxd4 4. Nxd4 g6 5. Nc3 Bg7 6. Be3 Nf6 7. f3 O-O 8. Qd2 d5 9. O-O-O dxe4 10. Nxc6 Qxd2+ 11. Rxd2 bxc6 12. Nxe4 Nxe4 13. fxe4 Be6 14. b3 a5 15. a4 Bc3 16. Rd3 Bb4 17. Bd4 c5 18. Bb2 c4 19.
Rg3 Rfd8 20. Be2 Rac8 21. bxc4 Bxc4 22. Bg4 e6 23. Rd1 Rxd1+ 24. Kxd1 Rd8+ 25. Kc1 h5 26. Bf3 Bd2+ 27. Kb1 Bf4 28. Rh3 Rd2 29. g4 Rf2 30.
Bc3 h4 31. Bd4 Rf1+ 32. Kb2 g5 33. e5 Re1 34. Bc6 Bxe5 35. Bxe5 Rxe5 36. Rf3 Be2 37. Rf2 Bxg4 38. Rg2 Be2 39. Kc3 Kg7 40. Kd4 f6 41. c4 Bf1 42. Rf2 Bh3 43. c5 Bf5 44. Bd7 Kf8 45. c6 Ke7 46. Rb2 Kd6 47. Rb7 Rd5+ 48. Ke3 Rc5 49. Be8 Rc3+ 50. Kd2 Rc2+ 51. Ke3 e5 52. Rf7 Ke6 53. Ra7 Kd6 54. Rf7 Ke6 55.
Ra7 Bh3 56. Bd7+ Kd6 57. Bxh3 Rc3+ 58. Ke4 Rxh3 59. Rf7 Rc3 60. Rxf6+ Kc7 61. Rf5 Kxc6 62. Rxg5 Rc4+ 63. Kxe5 Rxa4 64. Rg1 Kc5 65. Rc1+ Rc4 66. Rg1 a4 67. Rg8 a3 68. Ra8 Kb4 69. Kd5 Rf4 70.
Rb8+ Kc3 71. Rc8+ Kb2 72. Rb8+ Kc2 73. Rc8+ Kb3 74. Kc5 Ra4 75. Rb8+ Kc2 76. Rf8 a2 77. Rf2+ Kd3 78. Rf3+ Ke2 0-1

[Event "*** Titled Tuesday Blitz"]
[Site "Chess.com"]
[Date "2019.03.05"]
[Round "10"]
[White "GMMatamoros"]
[Black "davidarenas1224"]
[Result "1-0"]
[WhiteElo "2548"]
[BlackElo "2518"]
[TimeControl "180+2"]
[EndTime "15:32:50 PST"]
[Termination "GMMatamoros won by resignation"]

1. Nf3 Nf6 2. c4 g6 3. g3 Bg7 4. Bg2 O-O 5. O-O d6 6. d4 c6 7. Nc3 Qa5 8. e4 e5 9. h3 Nbd7 10. Bd2 exd4 11. Nxd4 Qb6 12. Nde2 Qxb2 13. Rb1 Qa3 14.
Bc1 Qc5 15. Be3 Qxc4 16. Qxd6 Re8 17. Rfc1 Qe6 18. Qxe6 Rxe6 19. f4 Nf8 20. e5 N6d7 21.
Ne4 f6 22. g4 fxe5 23. f5 gxf5 24. gxf5 Re7 25. Bg5 Rf7 26. Nd6 Nf6 27. Nxf7 Kxf7 28.
Ng3 N8d7 29. Rd1 h6 30. Be3 Ke7 31. Bc1 Kf7 32. Rd2 Bf8 33. Bb2 Bc5+ 34. Kh1 a5 35.
a4 Ra6 36. Bc3 Rb6 37. Rxb6 Bxb6 38. Rb2 Bc7 39. Bf3 Nc5 40. Rg2 Nxa4 41. Ba1 Nc5 42. Nh5 Nxh5 43. Bxh5+ Kf6 44. Rg6+ Kxf5 45. Rg7 Ne6 46.
Bg4+ Kf6 47. Bxe6 Kxg7 48. Bxc8 b6 49. Kg2 Kf6 50. Bb7 c5 51. Bc6 Bd6 52. Kf3 Ke6 53. Ke4 Kf6 54. Bb2 Bc7 55. Bb5 Bb8 56. Bc4 Bd6 57. h4 Bc7 58. Bb5 Bd6 59. Bc1 Kg7 60. h5 Be7 61. Kf5 Bf6 62. Be3 e4 63. Kxe4 Bc3 64.
Kf5 Bb2 65. Bf4 Bc3 66. Bc7 a4 67. Bxa4 c4 68. Bb5 Bd4 69. Bxc4 Bc3 70. Bxb6 Bb2 71. Bb5 Bc3 72. Bc4 Bb2 73. Bd8 Bc3 74. Be7 Bb2 75.
Ke6 Bc3 76. Kd7 Bb2 77. Ke8 Kh8 78. Kf7 Ba1 79. Bd3 Bb2 80. Bf8 Bc3 81. Bxh6 Bb2 82. Bf8 Bd4 83. h6 1-0

[Event "*** Titled Tuesday Blitz"]
[Site "Chess.com"]
[Date "2019.03.05"]
[Round "10"]
[White "Siemba"]
[Black "politeplayer"]
[Result "0-1"]
[WhiteElo "2111"]
[BlackElo "2096"]
[TimeControl "180+2"]
[EndTime "15:32:52 PST"]
[Termination "politeplayer won on time"]

1. e4 e5 2. Nf3 Nc6 3. d4 exd4 4. Nxd4 Nf6 5. Nxc6 bxc6 6. e5 Qe7 7. Qe2 Nd5 8. h4 a5 9. g3 Ba6 10. c4 Nb6 11. b3 a4 12. Bb2 axb3 13. axb3 Qb4+ 14. Nd2 Bc5 15. Bg2 O-O 16. O-O d5 17. exd6 cxd6 18. Bxc6 Ra7 19. Be4 d5 20. Bc2 dxc4 21. Qe4 f5 22. Qe6+ Kh8 23. Qe5 cxb3 24. Rxa6 Re7 25. Qc3 Qxc3 26. Bxc3 bxc2 27. Nb3 Nd7 28. Ra2 Re2 29.
Nxc5 Nxc5 30. Bb4 c1=Q 31. Rxc1 Rxa2 32. Bxc5 Rc8 33. Rd1 Raa8 34. Be3 h6 35. Rd7 Rd8 36. Rf7 Rf8 37. Rb7 Ra1+ 38. Kg2 Ra2 39. Kf3 Rg8 40. h5 Ra5 41. Kf4 Rd5 42. Kf3 Re8 43.
Rc7 f4 44. Bxf4 Rxh5 45. Kg4 Rd5 46. Ra7 h5+ 47. Kf3 Rd3+ 48. Be3 Kh7 49. Ke2 Rd5 50. Kf3 Rb5 51. Bd4 Rg8 52. Ke4 Rb4 53. Rd7 Kh6 54. Kf5 Rf8+ 55. Ke6 Rxd4 56. Rxd4 Rxf2 57. Ke5 Rf3 58.
g4 h4 59. Ke4 Rf6 60. Rd5 g5 61. Ke5 Rf4 62. Rd6+ Kg7 63. Ra6 Rxg4 64. Kf5 Rg3 65.
Ra7+ Kf8 66. Rh7 h3 67. Kg6 g4 68. Kg5 Rg2 69. Kf6 Ke8 70. Ke6 Re2+ 71. Kf5 Rg2 72. Ke6 Kd8 73. Rd7+ Kc8 74. Rh7 h2 75. Kf5 g3 76. Ke6 Rg1 77. Kf5 h1=Q 78. Rg7 Qf3+ 79.
Kg6 Qg4+ 80. Kf7 Qxg7+ 0-1

[Event "*** Titled Tuesday Blitz"]
[Site "Chess.com"]
[Date "2019.03.05"]
[Round "10"]
[White "MathiasWomacka"]
[Black "wanyaland"]
[Result "0-1"]
[WhiteElo "2271"]
[BlackElo "2171"]
[TimeControl "180+2"]
[EndTime "15:33:03 PST"]
[Termination "wanyaland won by resignation"]

1. e4 c5 2. Nf3 d6 3. d4 cxd4 4.
Nxd4 Nf6 5. Nc3 a6 6. Be2 e6 7.
O-O b5 8. Bf3 Ra7 9. Qe2 Be7 10.
Rd1 Rd7 11. a4 b4 12. Na2 a5 13.
c3 bxc3 14. Nxc3 O-O 15. Ndb5 Nc6 16. Be3 Ba6 17. Rac1 Qb8 18. Qd2 Ne5 19. Be2 Rc8 20.
h3 Nc4 21. Bxc4 Rxc4 22. f3 d5 23. exd5 Nxd5 24. Nxd5 Rxd5 25. Rxc4 Rxd2 26. Rxd2 h6 27. Rd7 Bf6 28. Rcc7 Bxb5 29. axb5 Qxb5 30. Rxf7 Qe2 31. Bf4 Qxb2 32. Rb7 Qd4+ 33. Kf1 Qxf4 34. Rfc7 a4 35.
Ra7 a3 36. Rc8+ Kh7 37. Rxa3 Qd2 38. Rc4 Bd4 39. Rxd4 Qxd4 40. Ra2 Kg6 41. Re2 e5 42. Re4 Qb2 43. h4 Kf5 44. Kg1 h5 45. Ra4 Qd2 46.
Kh2 g6 47. Rc4 Qe1 48. Ra4 Qd1 49. Rb4 Qd3 50. Ra4 Ke6 51. Re4 Kd5 52. Ra4 Kc5 53.
Kg3 Qf5 54. Kh2 Kb5 55. Re4 Kc5 56. Ra4 Kd6 57. Rb4 Kd5 58. Ra4 Qc2 59. Rb4 Ke6 60. Re4 Kf5 61. Rb4 Qd2 62. Ra4 Qd6 63. Re4 Qc7 64.
Kg3 Qc1 65. Kh2 Qb2 66. Rc4 Qe2 67. Ra4 Qe1 68. Rc4 Qe3 69. Ra4 g5 70. hxg5 Qxg5 71. Rb4 h4 72. Ra4 Qg3+ 73. Kh1 h3 74. gxh3 Qxf3+ 75. Kg1 Qe3+ 76. Kg2 Qd2+ 77. Kg3 Qe1+ 78. Kg2 Qe2+ 79. Kg3 Qd3+ 80. Kg2 e4 81. Ra5+ Kf4 82.
Ra8 Qd2+ 83. Kf1 e3 84. Rf8+ Kg3 85. h4 e2+ 0-1

[Event "*** Titled Tuesday Blitz"]
[Site "Chess.com"]
[Date "2019.03.05"]
[Round "10"]
[White "jbj"]
[Black "Jospem"]
[Result "0-1"]
[WhiteElo "2595"]
[BlackElo "2855"]
[TimeControl "180+2"]
[EndTime "15:33:15 PST"]
[Termination "Jospem won by resignation"]

1. e4 a6 2. d4 g6 3. Bd3 Bg7 4. Ne2 d6 5. O-O Nd7 6. c3 e5 7. Be3 Ngf6 8. h3 O-O 9. Qc1 Re8 10. Ng3 d5 11. exd5 Nxd5 12. Bh6 exd4 13. Bxg7 Kxg7 14. cxd4 Qh4 15. Nc3 Nf4 16. Rd1 Nxd3 17. Rxd3 Nf6 18. d5 Bd7 19. Qd2 Qh6 20. Qxh6+ Kxh6 21. d6 c5 22. Rad1 Bc6 23. a3 Rad8 24. b4 cxb4 25. axb4 Kg7 26. Rd4 h5 27. Nf1 Re6 28. Ne3 Ne8 29. Nc4 b5 30. Na5 Ba8 31. d7 Nf6 32. Nb3 Rc6 33. Nc5 a5 34. Nxb5 axb4 35. Nd3 b3 36. Nb4 Rc5 37. Na3 b2 38. Nd3 Rc3 39.
Nb1 Rb3 40. Nc5 Rb5 41. Na4 Rg5 42. g3 Rb5 43. R1d2 Be4 44. Nac3 Bxb1 45. Nxb5 Bc2 46. Na3 b1=Q+ 47. Nxb1 Bxb1 48. g4 hxg4 49. hxg4 g5 50.
f4 gxf4 51. Rxf4 Rxd7 52. Rxd7 Nxd7 53. Kf2 Ne5 54. Kg3 Bd3 55. Rd4 Bh7 56. Rd5 Kf6 57. Rd6+ Ke7 58. Rh6 Bg6 59. Rh1 Kf6 60. Kf4 Nd3+ 61.
Kg3 Kg5 62. Rf1 f6 63. Rd1 Ne5 64. Rd4 Bf7 65. Rd8 Be6 66. Re8 Bxg4 67. Rg8+ Kf5 68. Rg7 Bh5 69. Rg8 Nf7 70. Rg7 Ng5 71. Rg8 Ne4+ 72.
Kg2 Kf4 73. Rh8 Bf3+ 74. Kg1 f5 75. Rh4+ Kg3 76. Rh2 Bg4 77. Rg2+ Kf3 78. Ra2 Kf4 79. Ra4 Kg3 80. Ra3+ Bf3 81. Ra2 f4 82. Rg2+ Kh4 83.
Rh2+ Kg4 84. Rh8 Be2 85. Rg8+ Kf3 86. Rg2 Ke3 87. Rh2 f3 88. Rh3 Ba6 89. Kh2 Bc8 90.
Rh8 f2 91. Kg2 Bb7 92. Re8 Ke2 93. Rf8 Nf6+ 0-1

[Event "*** Titled Tuesday Blitz"]
[Site "Chess.com"]
[Date "2019.03.05"]
[Round "10"]
[White "FMJoseHerrera"]
[Black "Vugar_Manafov"]
[Result "1/2-1/2"]
[WhiteElo "2527"]
[BlackElo "2408"]
[TimeControl "180+2"]
[EndTime "15:35:08 PST"]
[Termination "Game drawn - insufficient material"]

1. Nf3 b6 2. g3 Bb7 3. Bg2 g6 4. d3 d5 5. Nc3 Bg7 6. h4 Nf6 7. Bg5 h6 8. Bf4 c5 9. Qd2 Nc6 10. O-O-O Nh5 11. d4 cxd4 12. Nb5 e5 13. Nxe5 Nxe5 14.
Qxd4 Ng4 15. Qb4 a5 16. Nd6+ Kf8 17. Qa3 Kg8 18. Nxb7 Qd7 19. Bxd5 Nxf4 20. gxf4 Qf5 21. Nd6 Qxf4+ 22. e3 Qb4 23. Qxb4 axb4 24. Bxa8 Nxf2 25. Bd5 Nxh1 26. Rxh1 Kh7 27. Bxf7 Rd8 28. Ne4 Rd7 29.
Rf1 Re7 30. Nd2 Rxe3 31. h5 gxh5 32. Bxh5 Re5 33. Bf3 h5 34. Ne4 Bh6+ 35. Kd1 Ra5 36. Nf6+ Kg6 37. Be4+ Kg5 38. Bd5 Bg7 39. Ne4+ Kg6 40.
Bf7+ Kh6 41. Bb3 Re5 42. Nd2 h4 43. Nf3 Rf5 44. Ke2 Kh5 45. Rh1 Rf4 46. Bf7+ Rxf7 47. Rxh4+ Kg6 48. Rxb4 Re7+ 49. Kd3 Re6 50. Nd4 Rd6 51.
c3 Kh7 52. Rb5 Kg8 53. Kc4 Kf7 54. Rd5 Rh6 55. b4 Ke8 56. a4 Rh3 57. Rg5 Bf6 58.
Rb5 Bd8 59. Re5+ Kd7 60. Rd5+ Kc8 61. Ne6 Bf6 62. Nd4 Kb7 63. Rd7+ Kc8 64. Rf7 Be5 65. Re7 Bf6 66. Re6 Bd8 67. Nb5 Kb7 68. Kd5 Rd3+ 69.
Kc4 Rh3 70. Rd6 Bg5 71. Kd5 Rd3+ 72. Ke6 Re3+ 73. Kd7 Re7+ 74. Kd8 Re6+ 75. Kd7 Re7+ 76. Kd8 Kb8 77. Rg6 Rg7+ 78. Rxg5 Rxg5 79. Kd7 Rg6 80. Nd6 Rg3 81. Kc6 Ka7 82. Nb5+ Ka6 83. Nc7+ Ka7 84. Nd5 Rg6+ 85. Kb5 Rg5 86. c4 Rh5 87.
Kc6 Rh6+ 88. Kb5 Rd6 89. a5 bxa5 90. Kxa5 Ra6+ 91. Kb5 Rd6 92. Kc5 Rd8 93. b5 Rc8+ 94. Kb4 Rd8 95. Ne7 Rd7 96. Nc6+ Kb7 97. c5 Rd1 98.
Na5+ Ka7 99. Nc4 Rb1+ 100. Ka4 Ra1+ 101. Kb3 Rb1+ 102. Ka4 Ra1+ 103. Na3 Rc1 104. Kb4 Kb7 105. c6+ Kc7 106. Nc4 Rc2 107. Kc5 Rc1 108. b6+ Kc8 109. Kb5 Rb1+ 110. Ka6 Ra1+ 111. Na5 Kb8 112. c7+ Kc8 113. Kb5 Rb1+ 114. Kc5 Rc1+ 115. Nc4 Kb7 116. Kd5 Rd1+ 117. Ke6 Rc1 118. Kd5 Rd1+ 119. Kc5 Rc1 120. Kb5 Rb1+ 121. Kc5 Rc1 122. Kd4 Rd1+ 123. Kc3 Rc1+ 124. Kb3 Rb1+ 125. Kc2 Rxb6 126. Nxb6 Kxc7 1/2-1/2